 Dungeon Crawl Stone Soup version 0.32-a0-468-g38b2580584 (webtiles) character file.

Game seed: 8592094958872441476

70 CougarLife the Digger (level 4, -2/24 HPs)
             Began as a Gargoyle Earth Elementalist on Feb 25, 2024.
             Slain by an ice beast (5 damage)
             ... on level 3 of the Dungeon.
             The game lasted 00:01:15 (1843 turns).

CougarLife the Digger (Gargoyle Earth Elementalist) Turns: 1843, Time: 00:01:15

Health: -2/24      AC:  5    Str: 12    XL:     4   Next: 21%
Magic:  0/8        EV: 11    Int: 17    God:
Gold:   67         SH:  0    Dex: 10    Spells: 7/8 levels left

rFire   . . .        h - +0 dagger
rCold   . . .        (no shield)
rNeg    + . .        a - +0 robe
rPois   ∞            (no helmet)
rElec   +            (no cloak)
rCorr   .            (no gloves)
SInv    .            (no boots)
Will    .....        (no amulet)
Stlth   ++           (no ring)
HPRegen 0.24/turn    (no ring)
MPRegen 0.11/turn

%: no passive effects
@: no status effects
A: sickness immunity, AC +3, negative energy resistance 1, electricity
resistance, torment resistance 1, petrification resistance
a: no special abilities


You were on level 3 of the Dungeon.
You visited 1 branch of the dungeon, and saw 3 of its levels.

You collected 67 gold pieces.

Inventory:

Hand Weapons
 h - a +0 dagger (weapon)
Armour
 a - a +0 robe (worn)
Wands
 l - a wand of polymorph (10)
Scrolls
 e - a scroll of brand weapon {unknown}
 f - a scroll of poison {unknown}
 g - 3 scrolls of fear {unknown}
 i - a scroll of identify {unknown}
 j - 2 scrolls of revelation {unknown}
 k - a scroll of immolation {unknown}
Potions
 b - 2 potions of magic
 c - a potion of enlightenment {unknown}
 d - a potion of invisibility {unknown}
 m - a potion of berserk rage {unknown}


   Skills:
 - Level 1.5 Dodging
 - Level 2.1 Stealth
 + Level 2.8 Spellcasting
 + Level 2.5 Conjurations
 + Level 4.5 Earth Magic


You had 7 spell levels left.
You knew the following spells:

 Your Spells              Type           Power      Damage    Failure   Level
a - Sandblast             Erth           34%        2d9       2%          1

Your spell library contained the following spells:

 Spells                   Type           Power      Damage    Failure   Level
 Passwall                 Erth           17%        N/A       9%          3
 Stone Arrow              Conj/Erth      28%        3d8       12%         3
 Brom's Barrelling Bould  Conj/Erth      14%        2d4       38%         4
 Petrify                  Alch/Erth      10%        N/A       56%         4


Dungeon Overview and Level Annotations

Branches:
Dungeon (3/15)

Altars:
Xom


Innate Abilities, Weirdness & Mutations

You are immune to sickness and miasma.
Your stone body is resilient. (AC +3)
You are immune to poison.
You resist negative energy. (rN+)
You are resistant to electric shocks. (rElec)
You are resistant to unholy torment.
You are immune to petrification.


Message History

Aiming: Sandblast (safe; 2% risk of failure)
Press: ? - help, Shift-Dir - straight line, f/p - ice beast
Aim: an ice beast (heavily wounded, 82% to hit)
The blast of sand hits the ice beast!
The ice beast is almost dead.
The ice beast closely misses you.
Casting: Sandblast (safe; 2% risk of failure)
Confirm with . or Enter, or press ? or * to list all spells.
Aiming: Sandblast (safe; 2% risk of failure)
Press: ? - help, Shift-Dir - straight line, f/p - ice beast
Aim: an ice beast (almost dead, 82% to hit)
The blast of sand hits the ice beast but does no damage.
The ice beast is almost dead.
The ice beast hits you but does no damage. x2
Casting: Sandblast (safe; 2% risk of failure)
Confirm with . or Enter, or press ? or * to list all spells.
Aiming: Sandblast (safe; 2% risk of failure)
Press: ? - help, Shift-Dir - straight line, f/p - ice beast
Aim: an ice beast (almost dead, 82% to hit)
The blast of sand hits the ice beast.
The ice beast is almost dead.
The ice beast hits you but does no damage.
Casting: Sandblast (safe; 2% risk of failure)
Confirm with . or Enter, or press ? or * to list all spells.
Aiming: Sandblast (safe; 2% risk of failure)
Press: ? - help, Shift-Dir - straight line, f/p - ice beast
Aim: an ice beast (almost dead, 82% to hit)
The blast of sand hits the ice beast but does no damage.
The ice beast is almost dead.
The ice beast closely misses you. The ice beast barely misses you.
You barely miss the ice beast.
The ice beast is almost dead.
The ice beast hits you. The ice beast freezes you.
* * * LOW HITPOINT WARNING * * *
You hit the ice beast but do no damage.
The ice beast is almost dead.
The ice beast hits you.
* * * LOW HITPOINT WARNING * * *
The ice beast freezes you.
You die...

# #. #.###
#...#######
#..@.......
#..Y#######
#..## #..
... ###. ..
#.


You could see an ice beast.

Vanquished Creatures
  2 adders (D:2)
  A dart slug (D:1)
  4 bats
  2 endoplasms (D:1)
  3 giant cockroaches (D:1)
  6 hobgoblins
  4 jackals
  5 kobolds
  3 quokkas
  4 frilled lizards
  5 goblins
  6 rats
45 creatures vanquished.

Notes
Turn   | Place    | Note
-------+----------+-------------------------------------------
     0 | D:1      | CougarLife the Gargoyle Earth Elementalist began the quest
                  | for the Orb.
     0 | D:1      | Reached XP level 1. HP: 10/10 MP: 3/3
   143 | D:1      | Reached XP level 2. HP: 11/15 MP: 1/5
   261 | D:1      | Reached skill level 4 in Earth Magic
   628 | D:1      | Reached XP level 3. HP: 19/19 MP: 3/6
   871 | D:1      | Found a faded altar of an unknown god.
  1019 | D:2      | Found a shimmering altar of Xom.
  1073 | D:2      | Reached XP level 4. HP: 23/24 MP: 3/8
  1832 | D:3      | Noticed an ice beast
  1843 | D:3      | Slain by an ice beast

Illustrated notes

Levels and vault maps discovered:
D:1:      elethiomel_arrival_infinity_welcomes_careful_drivers, layout_rooms,
          chequers_ecumenical_altar_grove, minmay_pentomino_v2
D:2:      layout_loops_ring, basic_altar, nicolae_the_louvre
D:3:      layout_loops_ring, st_stairs_12,
          wander_ebering_terrifying_dragon_lair, uniq_ijyb, uniq_grinder

Skill      XL: |  1  2 |
---------------+-------+-----
Earth Magic    | 4 |  4.5
Conjurations   | 2 |  2.5
Dodging        | |  1.5
Stealth        | |  2.1
Spellcasting   | |  2.8

Action                     |  1- 3 |  4- 6 || total
---------------------------+-------+-------++-------
  Melee: Unarmed           |    14 |       ||    14
         Dagger            |     9 |     6 ||    15
   Cast: Sandblast         |    43 |    26 ||    69
 Armour: Robe              |    23 |    14 ||    37
  Dodge: Dodged            |    19 |    13 ||    32

Table legend: (Time is in decaauts)
 A = Elapsed time spent in this place.
 B = Non-inter-level travel time spent in this place.
 C = Inter-level travel time spent in this place.
 D = Time resting spent in this place.
 E = Time spent auto-exploring this place.
 F = Levels seen in this place.
 G = Mean time per level.
                   A        B        C        D        E       F      G
               +--------+--------+--------+--------+--------+-----+--------+
         Total |   1876 |   1807 |     69 |      0 |   1533 |   3 |  625.3 |
       Dungeon |   1876 |   1807 |     69 |      0 |   1533 |   3 |  625.3 |
               +--------+--------+--------+--------+--------+-----+--------+

Top non-repeatable levels by time:
     D:1: 963 daAuts
     D:2: 898 daAuts
     D:3: 14 daAuts
